 Dungeon Crawl Stone Soup version 0.27.1-33-g824d729ab1 (webtiles) character file.

Game seed: 7518147351299258046

131 Aksej the Slasher (level 4, -1/54 HPs)
             Began as a Demonspawn Monk on Nov 28, 2021.
             Slain by a gnoll (2 damage)
             ... on level 3 of the Dungeon.
             The game lasted 00:06:45 (2634 turns).

Aksej the Slasher (Demonspawn Monk)                 Turns: 2634, Time: 00:06:45

Health: -1/54      AC: 22    Str:  9 (11) XL:     4   Next: 91%
Magic:  4/4        EV:  2    Int: 16 (18) God:
Gold:   79         SH:  0    Dex: 15 (16) Spells: 3/3 levels left

rFire    . . .     SeeInvis .   a - +1 falchion
rCold    . . .     Faith    .   (no shield)
rNeg     + + +     Spirit   .   (armour currently unavailable)
rPois    +         Reflect  .   (helmet currently unavailable)
rElec    .         Harm     .   (cloak currently unavailable)
rCorr    .         Rampage  .   (gloves currently unavailable)
Will     .....     NoTele   +   (boots currently unavailable)
Stlth    ++........             (no amulet)
HPRegen  0.18/turn              g - +6 ring of intelligence
MPRegen  0.09/turn              (no ring)

@: tree-form
A: stationary, stasis, torment immunity, boosted hp, (slimy green scales 2)
a: no special abilities


You were on level 3 of the Dungeon.
You were a tree.
You visited 1 branch of the dungeon, and saw 3 of its levels.

You collected 79 gold pieces.

Inventory:

Hand Weapons
 a - a +1 falchion (weapon)
Missiles
 d - 8 boomerangs (quivered)
Armour
 b - a +0 robe (melded)
 e - a +2 pair of gloves (melded)
 f - a +1 hat (melded)
 i - a +0 cloak (melded)
Jewellery
 c - an amulet of the acrobat
 g - a +6 ring of intelligence (left branch)
 j - an amulet of magic regeneration
Potions
 h - a potion of lignification


   Skills:
 * Level 3.6 Fighting
 + Level 3.6 Long Blades
 * Level 3.4 Dodging
 + Level 2.9 Stealth


You had 3 spell levels left.
You didn't know any spells.
Your spell library contained the following spells:

 Spells                   Type           Power      Damage    Failure   Level
 Animate Skeleton         Necr           0%         N/A       26%         1
 Pain                     Necr           0%         1d4       26%         1
 Vampiric Draining        Necr           0%         2d6       58%         3


Dungeon Overview and Level Annotations

Branches:
Dungeon (3/15)

Altars:


Innate Abilities, Weirdness & Mutations

You are a tree.
Your roots penetrate the ground, keeping you stationary.
You cannot be teleported.
You are immune to unholy pain and torment.
Your maximum health is greatly increased.
Your equipment is partially melded.
((You are mostly covered in slimy green scales. (AC +3)))


Message History

The gnoll is lightly wounded.
The gnoll closely misses you. x2; You riposte.
You hit the gnoll.
The gnoll is severely wounded.
The gnoll closely misses you.
You hit the gnoll.
You kill the gnoll!
The gnoll hits you from afar with a +4 halberd!
The gnoll hits you but does no damage. The gnoll misses you.
The gnoll barely misses you.
You slash the gnoll!
The gnoll is heavily wounded.
The gnoll hits you but does no damage. x2
You closely miss the gnoll.
The gnoll is heavily wounded.
The gnoll hits you with a +4 halberd!
* * * LOW HITPOINT WARNING * * *
The gnoll barely misses you. The gnoll closely misses you.
Really quaff the potion of lignification?
You turn into a tree.
Your +0 cloak melds into your body.
Your +1 hat melds into your body.
Your +2 pair of gloves melds into your body.
Your +0 robe melds into your body.
Your roots penetrate the ground.
The gnoll hits you but does no damage. x2
It was a potion of degeneration.
There was something very wrong with that liquid.
You feel weakened.
You feel dopey.
You feel clumsy. The gnoll hits you but does no damage.
The gnoll completely misses you.
You riposte.
You barely miss the gnoll.
The gnoll is heavily wounded.
You hit the gnoll but do no damage.
The gnoll is heavily wounded.
The gnoll hits you but does no damage. The gnoll hits you with a +4 halberd.
* * * LOW HITPOINT WARNING * * *
You hit the gnoll.
The gnoll is severely wounded.
The gnoll hits you but does no damage. x2
You hit the gnoll.
The gnoll is almost dead.
The gnoll hits you but does no damage. The gnoll hits you with a +4 halberd.
You die...

############.'.)≈†
#.......#....'.≈.≈
#.......#.####.≈.≈
#.......#.# #....
##......#.########
#.####.#.#....# #.#
#.#...##.# #########'##
#.######.# #.......♣.)#
#........#
#......g.g.############
#..........'...# ######
#..........##### .....#
#.........)# .....#
#..........#
♣♣...####..).......#
+.........).......#
♣.................#


You could see 2 gnolls.

Vanquished Creatures
  A bullfrog skeleton (D:2)
  2 gnolls (D:3)
  An adder (D:2)
  A white imp (D:3)
  2 worms (D:2)
  2 dart slugs (D:1)
  5 orcs
  5 ball pythons
  6 endoplasms
  2 giant cockroaches (D:1)
  6 goblins
  3 hobgoblins (D:1)
  2 bats
  5 frilled lizards
  6 kobolds
  4 rats
53 creatures vanquished.

Notes
Turn   | Place    | Note
-------+----------+-------------------------------------------
     0 | D:1      | Aksej the Demonspawn Monk began the quest for the Orb.
     0 | D:1      | Reached XP level 1. HP: 18/18 MP: 1/1
   321 | D:1      | Gained mutation: You are partially covered in slimy green
                  | scales. (AC +2) [demonic ancestry]
   321 | D:1      | Reached XP level 2. HP: 24/24 MP: 2/2
  1130 | D:2      | Reached XP level 3. HP: 29/29 MP: 3/3
  1835 | D:2      | Gained mutation: You are mostly covered in slimy green
                  | scales. (AC +3) [demonic ancestry]
  1835 | D:2      | Reached XP level 4. HP: 25/35 MP: 4/4
  2629 | D:3      | HP: 1/36 [gnoll (11)]
  2634 | D:3      | Slain by a gnoll

Illustrated notes

Levels and vault maps discovered:
D:1:      mrwooster_arrival_statue_2, layout_basic, moated_statue
D:2:      layout_basic, hangedman_decor_points
D:3:      layout_basic, mainiacjoe_overflow_six_doors_small, old_standard_altar,
          kennysheep_generic_room_12

Skill      XL: |  1  2 |
---------------+-------+-----
Dodging        | 3 |  3.4
Long Blades    | 3 |  3.6
Stealth        | 2 |  2.9
Fighting       | |  3.6

Action                   |  1- 3 |  4- 6 || total
-------------------------+-------+-------++-------
Melee: Falchion          |   117 |    39 ||   156
  Use: Potion            |       |     4 ||     4
       Scroll            |       |     2 ||     2
 Stab: Sleeping          |    12 |     1 ||    13
Armor: Robe              |    26 |    14 ||    40
       Skin              |       |     7 ||     7
Dodge: Dodged            |    73 |    34 ||   107
       Rpst.: Falchion   |    19 |    11 ||    30
